Map: Black Site 2E

Players

StarGoose

  • Race: Protoss Protoss
  • League: Silver
  • Spawn Location: 3:00

GDP

  • Race: Protoss Protoss
  • League: Diamond
  • Spawn Location: 6:00

Napoleon

  • Race: Protoss Protoss
  • Spawn Location: 5:00

PiPuxD - Winner!

  • Race: Terran Terran
  • League: Gold
  • Spawn Location: 11:00

Alebay - Winner!

  • Race: Protoss Protoss
  • Spawn Location: 9:00

MattBarry - Winner!

  • Race: Zerg Zerg
  • League: Gold
  • Spawn Location: 12:00

VOD

Have the link to the VOD?

Description

Time

  • Played on: Feb. 13, 2023, 1:53 a.m.
  • Length: 21:29
Show
View Real Time Build Order
Export as new Build Order

StarGoose Protoss 

Build Orders:  

Get SALT Encoding   

  12  0:00  Probe  
  13  0:20  Probe (Chrono Boost)  
  14  0:23  Pylon  
  14  0:32  Probe (Chrono Boost)  
  15  0:41  Probe (Chrono Boost)  
  16  0:43  Gateway  
  16  0:56  Probe  
  17  0:59  Assimilator  
  17  1:21  Probe  
  18  1:27  Pylon  
  18  1:30  Zealot (Chrono Boost)  
  20  1:33  Probe  
  21  1:40  Cybernetics Core  
  21  1:53  Assimilator  
  21  1:59  Probe  
  22  2:10  Gateway  
  22  2:13  Gateway  
  22  2:23  Warp Gate (Chrono Boost)  
  22  2:25  Stalker  
  22  2:28  Probe  
  25  2:32  Pylon  
  25  2:40  Probe  
  26  2:45  Pylon  
  26  2:57  Stalker  
  28  3:03  Probe  
  28  3:04  Pylon  
  29  3:06  Stalker  
  30  3:51  Pylon  
  30  3:56  Pylon  
  30  4:06  Stalker x3  
  36  4:20  Forge  
  36  4:21  Shield Battery  
  36  4:30  Stalker x2  
  40  4:31  Zealot  
  35  5:03  Zealot  
  35  5:04  Zealot x2  
  41  5:09  Protoss Ground Weapons Level 1 (Chrono Boost)  
  41  5:27  Photon Cannon  
  41  5:34  Photon Cannon  
  41  5:47  Zealot x2  
  45  6:05  Zealot  
  47  6:29  Probe  
  44  6:42  Probe  
  39  6:54  Probe  
  36  6:59  Stalker  
  36  7:00  Stalker x2  
  30  7:10  Protoss Ground Armor Level 1 (Chrono Boost)  
  30  7:12  Probe  
  31  7:24  Probe  
  31  7:25  Zealot x2  
  31  7:26  Zealot  
  38  7:36  Probe  
  39  7:39  Pylon  
  39  7:48  Probe  
  40  7:53  Nexus  
  40  8:00  Probe  
  41  8:11  Stalker x2  
  41  8:12  Probe  
  46  8:15  Zealot  
  48  8:27  Photon Cannon  
  48  8:35  Shield Battery  
  48  8:38  Probe  
  47  9:11  Stalker x3  
  51  9:43  Protoss Shields Level 1 (Chrono Boost)  
  37  9:46  Zealot x3  
  43  10:00  Probe x2  
  45  10:12  Twilight Council  
  45  10:16  Probe x2  
  47  10:21  Stalker  
  47  10:22  Stalker  
  51  10:37  Stargate  
  51  10:41  Probe x2  
  53  10:47  Stalker  
  53  10:49  Protoss Air Weapons Level 1 (Chrono Boost)  
  55  10:51  Assimilator  
  55  10:53  Probe  
  56  10:58  Assimilator  
  56  11:16  Stalker x3  
  62  11:25  Probe  
  62  11:26  Probe  
  64  11:38  Probe  
  55  11:51  Stalker x3  
  55  11:53  Probe x2  
  57  11:59  Phoenix  
  59  12:05  Blink (Chrono Boost), Probe x2  
  57  12:18  Probe  
  57  12:19  Probe  
  59  12:25  Stalker x3  
  59  12:27  Protoss Ground Weapons Level 2 (Chrono Boost)  
  65  12:55  Stalker  
  65  12:56  Stalker x2  
  71  13:00  Probe x2  
  73  13:12  Probe  
  74  13:34  Stalker x2  
  74  13:35  Stalker  
  80  14:03  Gateway, Nexus  
  80  14:04  Gateway, Zealot x3, Pylon  
  80  14:06  Pylon  
  80  14:09  Assimilator  
  86  14:14  Assimilator, Dark Shrine  
  74  14:35  Probe  
  74  14:36  Probe  
  60  14:48  Probe x2  
  62  14:53  Protoss Ground Weapons Level 3 (Chrono Boost)  
  62  15:00  Probe  
  67  15:07  Void Ray (Chrono Boost)  
  67  15:08  Probe  
  67  15:12  Probe  
  69  15:19  Stalker x4  
  69  15:20  Stalker, Probe  
  80  15:24  Probe  
  81  15:32  Probe  
  82  15:36  Probe  
  87  15:44  Probe  
  87  15:45  Void Ray (Chrono Boost)  
  86  16:04  Dark Templar x5  
  78  16:28  Probe x3  
  71  16:44  Stalker x2  
  71  16:45  Stalker x3  
  70  17:16  Probe x2  
  70  17:17  Probe  
  73  17:28  Protoss Ground Armor Level 2 (Chrono Boost)  
  73  17:36  Stalker x4  
  81  17:39  Stalker  
  81  17:43  Nexus  
  83  17:46  Pylon x2  
  83  17:51  Templar Archives  
  83  17:52  Pylon  
  83  17:53  Pylon  
  83  17:55  Gateway, Pylon  
  83  17:57  Gateway  
  83  18:15  Photon Cannon  
  83  18:16  Photon Cannon  
  83  18:18  Photon Cannon  
  83  18:19  Photon Cannon  
  83  18:20  Shield Battery  
  83  18:21  Stalker  
  83  18:23  Stalker, Shield Battery  
  83  18:25  Photon Cannon  
  87  18:27  Photon Cannon  
  87  18:28  Photon Cannon  
  87  18:29  Photon Cannon  
  87  18:31  Pylon, Probe x3  
  70  18:44  Dark Templar x3  
  70  19:05  Stalker x3  
  70  19:06  Stalker  
  74  19:18  Stalker x3  
  80  19:32  Stalker x2  
  80  19:33  Stalker x2  
  88  19:48  Stalker  
  88  19:49  Stalker x2  
  94  19:57  Stalker  
  94  19:58  Stalker x2  
  100  20:07  Zealot  
  100  20:20  Stalker x3  
  100  20:21  Stalker x2  
  89  20:40  Dark Templar x2  
  69  20:50  Dark Templar x4  
  76  21:13  Stalker x3  
Show
View Real Time Build Order
Export as new Build Order

GDP Protoss 

Build Orders:  

Get SALT Encoding   

  12  0:00  Probe  
  13  0:13  Probe  
  14  0:19  Pylon  
  14  0:25  Probe  
  15  0:37  Probe (Chrono Boost)  
  15  0:39  Gateway  
  16  0:48  Probe (Chrono Boost)  
  17  0:53  Assimilator  
  17  0:58  Probe  
  18  1:06  Gateway  
  18  1:16  Probe  
  19  1:23  Pylon  
  19  1:25  Pylon  
  19  1:28  Zealot  
  21  1:37  Cybernetics Core  
  21  1:54  Zealot (Chrono Boost)  
  25  2:02  Zealot (Chrono Boost)  
  25  2:04  Gateway  
  25  2:12  Warp Gate (Chrono Boost)  
  25  2:13  Stalker (Chrono Boost)  
  27  2:27  Zealot  
  29  3:00  Stalker  
  31  3:16  Stalker  
  31  3:26  Pylon  
  31  3:27  Pylon  
  30  3:48  Stalker  
  30  3:52  Nexus  
  32  3:55  Assimilator  
  32  4:09  Gateway  
  32  4:12  Forge  
  32  4:16  Zealot  
  32  4:17  Zealot x2  
  38  4:35  Pylon  
  38  4:43  Protoss Ground Weapons Level 1 (Chrono Boost)  
  38  5:14  Stalker x2  
  38  5:16  Sentry  
  41  5:30  Probe  
  36  5:42  Probe  
  26  5:55  Probe (Chrono Boost)  
  28  5:59  Probe (Chrono Boost)  
  28  6:15  Probe  
  29  6:26  Probe  
  30  6:43  Probe  
  31  7:23  Probe (Chrono Boost)  
  31  7:24  Probe (Chrono Boost)  
  31  7:28  Protoss Ground Armor Level 1 (Chrono Boost)  
  33  7:35  Probe (Chrono Boost)  
  33  7:36  Probe (Chrono Boost)  
  35  7:42  Probe x2 (Chrono Boost)  
  37  7:49  Probe x2  
  39  7:52  Sentry  
  41  8:00  Sentry x2  
  35  8:26  Zealot x3  
  39  8:29  Zealot  
  41  9:07  Zealot  
  41  9:08  Zealot x3  
  47  9:42  Probe  
  46  9:49  Stalker  
  46  9:50  Stalker x3  
  48  10:00  Twilight Council  
  48  10:11  Forge  
  48  10:14  Stalker  
  48  10:15  Stalker  
  48  10:16  Stalker  
  54  10:28  Assimilator  
  54  10:29  Probe  
  54  10:31  Charge  
  54  10:33  Assimilator  
  55  10:43  Probe x2  
  57  10:56  Probe (Chrono Boost)  
  57  10:57  Probe (Chrono Boost)  
  59  11:08  Probe x2 (Chrono Boost)  
  61  11:27  Pylon  
  61  11:34  Pylon  
  61  11:37  Pylon  
  59  12:08  Stalker x4  
  67  12:24  Protoss Ground Weapons Level 2 (Chrono Boost)  
  67  12:25  Protoss Ground Armor Level 2 (Chrono Boost)  
  67  12:41  Blink (Chrono Boost)  
  67  12:47  Probe  
  68  13:14  Zealot x3  
  68  13:16  Sentry  
  74  13:37  Zealot x3  
  70  13:56  Probe x2  
  72  14:08  Probe (Chrono Boost)  
  74  14:13  Probe (Chrono Boost)  
  75  14:18  Probe (Chrono Boost)  
  75  14:21  Probe (Chrono Boost)  
  75  14:22  Dark Shrine  
  75  14:23  Probe (Chrono Boost)  
  77  14:32  Probe  
  76  14:59  Protoss Ground Weapons Level 3 (Chrono Boost)  
  76  15:06  Stalker x4  
  84  15:11  Protoss Ground Armor Level 3 (Chrono Boost)  
  66  15:48  Nexus  
  64  15:51  Dark Templar x2  
  64  15:52  Dark Templar  
  64  16:12  Probe  
  65  16:20  Dark Templar  
  35  16:44  Dark Templar x2  
  35  16:45  Dark Templar  
  41  16:55  Pylon  
  41  16:58  Pylon  
  41  17:01  Assimilator  
  41  17:03  Assimilator, Dark Templar  
  41  17:06  Pylon  
  41  17:07  Gateway  
  43  17:09  Gateway  
  35  17:39  Stalker x4  
  43  17:45  Robotics Facility  
  43  17:48  Robotics Facility  
  41  17:57  Shield Battery  
  41  18:02  Dark Templar  
  41  18:04  Dark Templar  
  45  18:12  Archon  
  45  18:13  Dark Templar  
  45  18:33  Dark Templar x3  
  45  18:54  Nexus  
  41  19:06  Dark Templar x2  
  43  19:15  Dark Templar  
  45  19:47  Nexus  
  45  19:50  Dark Templar  
  47  19:56  Archon x2  
  47  20:01  Dark Templar  
  47  20:02  Dark Templar  
  51  20:08  Archon  
  51  20:25  Dark Templar  
  51  20:26  Dark Templar x2  
  51  20:28  Probe  
  58  20:32  Probe x2  
  60  20:40  Probe  
  61  20:44  Probe  
  61  20:45  Probe  
  63  20:52  Dark Templar  
  65  20:57  Probe  
  66  21:11  Dark Templar  
  66  21:12  Dark Templar  
  66  21:14  Probe  
Show
View Real Time Build Order
Export as new Build Order

Napoleon Protoss 

Build Orders:  

Get SALT Encoding   

  12  0:00  Probe  
  13  0:12  Probe  
  14  0:21  Pylon  
  14  0:24  Probe  
  15  0:30  Assimilator  
  15  0:36  Assimilator  
  15  0:40  Probe (Chrono Boost)  
  17  0:51  Probe (Chrono Boost)  
  17  0:56  Probe (Chrono Boost)  
  17  1:02  Gateway  
  18  1:06  Probe  
  19  1:17  Gateway  
  19  1:20  Probe  
  20  1:31  Pylon  
  20  1:32  Probe (Chrono Boost)  
  21  1:43  Probe (Chrono Boost)  
  22  1:47  Probe (Chrono Boost)  
  22  1:50  Cybernetics Core  
  23  1:55  Zealot  
  25  2:05  Zealot  
  27  2:12  Pylon  
  27  2:27  Warp Gate (Chrono Boost), Stalker  
  29  2:33  Robotics Facility  
  29  2:44  Stalker  
  31  2:51  Gateway  
  25  3:32  Nexus  
  25  3:49  Immortal  
  29  4:04  Zealot  
  29  4:15  Zealot  
  30  4:20  Probe (Chrono Boost)  
  31  4:30  Probe (Chrono Boost)  
  32  4:35  Probe (Chrono Boost)  
  33  4:42  Stalker  
  35  4:46  Probe  
  35  4:52  Zealot x2  
  40  5:08  Stalker  
  41  5:36  Stalker  
  41  5:38  Probe (Chrono Boost)  
  45  5:45  Observer, Probe (Chrono Boost)  
  46  5:54  Stalker  
  46  5:56  Probe  
  48  5:58  Probe  
  50  6:08  Probe  
  51  6:13  Stalker  
  51  6:27  Probe x2  
  53  6:39  Probe  
  54  6:40  Pylon  
  54  6:46  Probe  
  53  6:48  Robotics Bay  
  53  6:58  Immortal  
  53  7:00  Zealot  
  59  7:20  Stalker  
  59  7:22  Probe  
  62  7:25  Pylon  
  62  7:38  Nexus  
  62  7:44  Probe (Chrono Boost)  
  64  7:48  Pylon  
  64  7:49  Probe (Chrono Boost)  
  65  7:51  Probe (Chrono Boost)  
  65  7:55  Probe (Chrono Boost)  
  65  7:58  Probe  
  53  8:27  Stalker  
  53  8:28  Stalker x2  
  53  8:30  Probe (Chrono Boost)  
  53  8:32  Probe (Chrono Boost)  
  61  8:35  Assimilator  
  61  8:37  Colossus (Chrono Boost)  
  61  8:39  Assimilator  
  68  8:42  Probe (Chrono Boost)  
  68  8:47  Probe (Chrono Boost)  
  67  8:48  Probe (Chrono Boost)  
  67  8:54  Stalker, Probe  
  67  8:59  Probe  
  67  9:00  Probe  
  67  9:04  Assimilator  
  67  9:06  Probe  
  68  9:11  Probe  
  68  9:13  Probe  
  70  9:18  Probe  
  70  9:23  Probe  
  70  9:24  Robotics Facility  
  72  9:25  Probe  
  72  9:26  Twilight Council  
  72  9:30  Zealot x2, Pylon, Probe  
  78  9:35  Colossus (Chrono Boost), Probe  
  85  9:50  Pylon  
  85  9:54  Probe x2  
  85  9:55  Forge  
  85  9:57  Forge  
  87  10:00  Assimilator  
  87  10:07  Pylon  
  87  10:12  Pylon, Colossus  
  93  10:14  Probe  
  93  10:16  Probe  
  93  10:17  Probe  
  96  10:23  Pylon  
  96  10:30  Extended Thermal Lance  
  96  10:32  Probe (Chrono Boost)  
  99  10:37  Protoss Ground Weapons Level 1, Probe x2 (Chrono Boost)  
  99  10:39  Protoss Ground Armor Level 1  
  99  10:43  Charge  
  99  10:46  Probe x2 (Chrono Boost)  
  99  10:48  Probe  
  102  10:56  Probe x2  
  104  10:59  Zealot  
  104  11:00  Zealot x2, Probe  
  111  11:08  Colossus  
  117  11:19  Gateway  
  117  11:21  Gateway  
  117  11:22  Gateway  
  117  11:27  Pylon  
  105  12:10  Nexus  
  105  12:13  Colossus x2  
  117  12:25  Probe x3  
  117  12:28  Robotics Facility x2  
  120  12:30  Pylon, Robotics Facility  
  120  12:32  Robotics Facility  
  120  12:34  Pylon  
  120  12:35  Pylon  
  120  12:36  Pylon  
  120  12:37  Probe x3  
  120  12:38  Pylon  
  120  12:41  Stargate  
  120  12:43  Protoss Ground Weapons Level 2  
  123  12:45  Stargate  
  123  12:55  Pylon  
  123  13:07  Pylon x2  
  123  13:09  Probe x3  
  126  13:21  Probe x3  
  129  13:28  Colossus x3  
  129  13:29  Colossus x2  
  159  13:38  Fleet Beacon  
  159  13:39  Assimilator  
  159  13:41  Stalker x2  
  159  13:42  Assimilator  
  159  14:05  Zealot x3  
  159  14:06  Zealot x3  
  166  14:20  Colossus  
  166  14:21  Colossus  
  166  14:22  Colossus x2  
  186  14:33  Zealot  
  186  14:34  Zealot x4  
  180  14:46  Stalker  
  180  14:56  Zealot x3  
  180  14:57  Zealot x2  
  102  15:36  Stalker x2  
  102  15:37  Stalker x4  
  116  15:51  Void Ray x2  
  116  15:52  Probe  
  116  15:53  Probe x2  
  119  15:58  Nexus  
  119  16:01  Stalker x3  
  119  16:02  Stalker x2  
  129  16:05  Probe x3  
  129  16:07  Protoss Ground Weapons Level 3  
  132  16:17  Probe  
  125  16:36  Stalker x4  
  125  16:37  Stalker x2  
  137  16:59  Void Ray x2  
  109  17:04  Stalker  
  109  17:05  Stalker x2  
  103  17:16  Colossus  
  109  17:31  Colossus x2  
  109  17:33  Probe  
  109  17:34  Probe x2  
  128  17:42  Void Ray  
  128  17:47  Colossus x2  
  135  18:10  Zealot x4  
  135  18:11  Zealot x2  
  143  18:18  Colossus  
  149  18:30  Colossus x3  
  167  18:44  Stalker x4  
  157  19:07  Stalker x3  
  157  19:08  Stalker x3  
  159  19:49  Colossus x3  
  159  19:51  Stalker x4  
  159  19:52  Stalker  
  150  20:41  Stalker x4  
  150  20:42  Stalker x2  
Show
View Real Time Build Order
Export as new Build Order

PiPuxD Terran - Winner!

Build Orders:  

Get SALT Encoding   

  12  0:00  SCV  
  13  0:12  SCV  
  14  0:23  Supply Depot  
  14  0:42  SCV  
  15  0:54  Barracks  
  15  0:58  SCV  
  16  1:17  SCV  
  17  1:19  Refinery  
  17  1:30  SCV  
  18  1:36  Barracks  
  18  1:42  SCV  
  18  1:44  Marine  
  20  1:52  Supply Depot  
  20  1:55  SCV  
  21  2:03  Barracks  
  21  2:05  Bunker  
  21  2:07  Reaper  
  21  2:19  SCV  
  22  2:24  Reaper  
  23  2:33  Orbital Command  
  22  2:49  Reaper  
  23  3:04  Reaper  
  24  3:16  SCV  
  25  3:25  Reaper  
  26  3:30  Command Center  
  26  3:32  SCV  
  27  3:44  SCV  
  28  3:48  Refinery  
  28  3:56  SCV  
  28  3:59  Reaper x2  
  31  4:25  SCV  
  31  4:26  Supply Depot  
  31  4:29  Barracks, Factory  
  31  4:31  Marine x2  
  33  4:46  SCV  
  33  4:49  Reaper x2  
  36  4:58  SCV  
  34  5:10  SCV  
  34  5:21  Reaper x2  
  34  5:22  SCV  
  35  5:32  Factory  
  35  5:34  SCV, Command Center  
  36  5:39  Orbital Command  
  36  5:46  SCV  
  36  6:05  SCV x2  
  36  6:17  SCV x2, Factory Tech Lab x2  
  38  6:23  Starport  
  38  6:24  Barracks Reactor  
  38  6:29  Starport, SCV x2  
  39  6:41  SCV x2  
  41  6:54  SCV x2  
  41  6:56  Refinery  
  41  6:57  Refinery  
  41  6:58  Siege Tank  
  41  7:00  Siege Tank  
  46  7:01  Orbital Command  
  46  7:13  Starport Reactor  
  46  7:21  SCV x2  
  48  7:31  Hellion  
  48  7:32  Hellion  
  48  7:33  SCV x2  
  54  7:45  SCV x2  
  54  7:46  Refinery  
  56  7:56  Hellion x2  
  56  7:57  SCV  
  61  7:59  Armory  
  61  8:02  SCV  
  61  8:05  SCV  
  63  8:09  SCV  
  61  8:13  Liberator x2  
  61  8:14  Liberator x2, SCV  
  61  8:17  SCV  
  67  8:21  SCV  
  55  8:32  SCV  
  55  8:33  SCV  
  53  8:36  Hellion x2  
  55  8:57  Siege Tank x2  
  61  9:08  SCV  
  62  9:12  Command Center  
  62  9:16  Supply Depot x2  
  62  9:37  SCV, Siege Tank  
  62  9:38  SCV, Siege Tank  
  70  9:42  Infernal Pre-Igniter  
  70  9:50  SCV  
  71  10:09  SCV x2  
  71  10:10  Siege Tank  
  76  10:18  Refinery  
  76  10:20  Terran Vehicle Weapons Level 1  
  77  10:21  SCV x2  
  77  10:25  Armory  
  78  10:40  Hellion  
  78  10:42  Hellion  
  82  11:06  Factory  
  82  11:13  Orbital Command  
  82  11:15  SCV x2  
  82  11:18  Hellion x2  
  88  11:22  Terran Vehicle And Ship Armor Level 1  
  88  11:27  SCV x2  
  90  11:38  SCV  
  90  11:39  SCV x2  
  93  11:40  Refinery  
  93  11:43  Hellion x2  
  97  11:47  Liberator x4  
  97  11:53  SCV  
  110  11:58  Supply Depot  
  110  11:59  Supply Depot x2  
  110  12:00  Supply Depot  
  110  12:22  Siege Tank x2  
  116  12:25  Factory Reactor  
  116  12:30  Factory  
  116  12:31  SCV x3  
  119  12:37  Terran Vehicle Weapons Level 2  
  119  12:43  SCV x3  
  122  12:55  Siege Tank x2  
  122  12:57  SCV x2  
  122  12:58  SCV  
  131  13:02  Viking x4  
  139  13:09  SCV  
  139  13:10  SCV  
  139  13:11  Hellion x2  
  145  13:28  Hellion x2  
  149  14:00  Factory Tech Lab  
  149  14:07  Siege Tank x2  
  149  14:08  Hellion x2  
  159  14:10  Supply Depot x2  
  159  14:11  Supply Depot  
  159  14:13  Supply Depot  
  135  15:05  Siege Tank x3  
  117  15:23  Liberator  
  117  15:24  Liberator x3  
  109  15:45  Terran Vehicle And Ship Armor Level 2, Command Center  
  109  15:46  Terran Vehicle Weapons Level 3  
  109  15:49  Siege Tank x3  
  115  15:51  Hellion x2  
  116  16:21  Siege Tank x3  
  116  16:40  Liberator x4  
  128  16:53  Siege Tank x2  
  128  16:54  Siege Tank  
  134  17:02  Hellion x2  
  127  17:23  Liberator  
  134  17:30  Siege Tank x3, Hellion x2  
  143  17:40  Viking x3  
  143  18:06  Viking  
  143  18:07  Siege Tank x3  
  151  18:43  Siege Tank x3  
  151  18:44  Hellion x2  
  151  18:45  Viking x4  
  166  19:18  Thor  
  166  19:19  Thor  
  166  19:21  Hellion x3  
  184  19:24  Refinery  
  184  19:27  Refinery  
  184  19:46  Hellion x3  
  188  20:15  Orbital Command  
  176  20:23  Siege Tank  
  176  20:24  Siege Tank x2  
  185  20:30  Viking  
  185  20:31  Viking x2  
Show
View Real Time Build Order
Export as new Build Order

Alebay Protoss - Winner!

Build Orders:  

Get SALT Encoding   

  12  0:00  Probe  
  13  0:12  Probe  
  14  0:19  Pylon  
  14  0:24  Probe  
  15  0:37  Probe  
  15  0:39  Gateway  
  16  0:47  Assimilator  
  16  0:57  Probe  
  16  1:03  Pylon  
  17  1:09  Probe  
  18  1:21  Probe  
  18  1:23  Gateway  
  19  1:29  Forge  
  19  1:33  Probe (Chrono Boost)  
  20  1:45  Assimilator, Probe (Chrono Boost)  
  21  1:52  Probe (Chrono Boost)  
  22  1:58  Pylon  
  22  2:03  Probe  
  23  2:24  Cybernetics Core  
  23  2:31  Gateway  
  23  2:32  Gateway  
  23  2:45  Photon Cannon  
  23  2:46  Photon Cannon  
  23  2:50  Probe  
  24  3:05  Gateway  
  24  3:07  Gateway  
  24  3:09  Adept (Chrono Boost)  
  28  3:22  Adept (Chrono Boost)  
  30  3:27  Adept (Chrono Boost)  
  32  3:34  Adept (Chrono Boost)  
  32  3:38  Adept (Chrono Boost)  
  34  3:46  Adept  
  36  3:52  Adept  
  38  4:03  Pylon  
  38  4:05  Pylon  
  38  4:21  Adept  
  34  5:11  Nexus  
  34  5:13  Pylon  
  34  5:15  Pylon  
  30  5:55  Probe  
  31  5:58  Warp Gate (Chrono Boost)  
  31  6:01  Protoss Ground Weapons Level 1 (Chrono Boost)  
  31  6:07  Probe  
  31  6:08  Stalker x3  
  31  6:09  Stalker x2  
  42  6:19  Probe  
  43  6:38  Stalker  
  35  7:09  Probe (Chrono Boost)  
  35  7:10  Probe (Chrono Boost)  
  35  7:14  Gateway  
  28  7:15  Gateway  
  28  7:17  Gateway  
  28  7:22  Probe x2 (Chrono Boost)  
  30  7:27  Probe x2 (Chrono Boost)  
  32  7:35  Pylon  
  32  7:38  Pylon, Probe x2  
  34  7:52  Gateway  
  34  7:53  Gateway  
  34  7:55  Probe x2  
  36  8:00  Protoss Ground Armor Level 1 (Chrono Boost)  
  36  8:13  Stalker x3  
  36  8:19  Shield Battery  
  42  8:23  Shield Battery  
  42  8:25  Shield Battery  
  42  8:33  Probe x2  
  44  8:37  Stalker  
  44  8:38  Stalker x2  
  48  9:02  Stalker x2  
  50  9:03  Stalker x2  
  56  9:13  Assimilator  
  56  9:16  Assimilator  
  56  9:21  Stalker  
  58  9:26  Stalker x2  
  58  9:27  Stalker x2  
  64  10:12  Pylon, Stalker x5, Nexus  
  74  10:15  Pylon  
  74  10:23  Twilight Council  
  74  10:38  Stalker  
  74  10:39  Stalker  
  78  10:46  Shield Battery  
  78  10:47  Photon Cannon, Stalker  
  78  10:48  Photon Cannon  
  80  10:50  Photon Cannon, Stalker  
  82  11:01  Stalker  
  82  11:03  Protoss Ground Weapons Level 2 (Chrono Boost)  
  84  11:05  Probe x2  
  86  11:17  Probe  
  86  11:18  Probe  
  88  11:24  Probe  
  89  11:30  Probe  
  90  11:39  Shield Battery  
  90  11:40  Shield Battery  
  57  12:20  Stalker x3  
  57  12:21  Stalker x2  
  67  12:24  Nexus  
  67  12:27  Pylon  
  67  12:29  Pylon  
  67  12:39  Blink (Chrono Boost)  
  67  12:46  Stalker x4  
  67  12:47  Stalker  
  77  13:00  Probe  
  77  13:01  Probe  
  79  13:13  Protoss Ground Armor Level 2 (Chrono Boost), Probe x2  
  81  13:26  Stalker x4  
  89  13:45  Probe x3  
  92  13:57  Probe x3  
  69  14:38  Stalker x5  
  55  14:42  Probe x3  
  60  14:48  Gateway  
  60  14:49  Gateway  
  60  14:51  Gateway  
  60  14:53  Gateway  
  60  14:54  Probe x3  
  63  15:02  Stalker x3  
  63  15:03  Stalker x2  
  73  15:07  Probe x3  
  73  15:10  Assimilator  
  76  15:14  Assimilator  
  76  15:32  Stalker x2  
  76  15:33  Stalker x3  
  76  15:34  Protoss Ground Weapons Level 3 (Chrono Boost)  
  84  16:03  Stalker x4  
  84  16:04  Stalker x3  
  98  16:31  Nexus  
  98  16:32  Pylon  
  86  16:34  Pylon  
  64  16:57  Stalker  
  64  16:58  Stalker x7  
  64  16:59  Stalker  
  74  17:06  Shield Battery  
  74  17:07  Shield Battery  
  72  17:30  Photon Cannon  
  72  17:33  Photon Cannon  
  72  17:47  Probe  
  72  17:48  Probe x3  
  76  17:55  Stalker x2  
  76  17:56  Stalker x2  
  84  18:00  Probe x4  
  88  18:12  Probe  
  89  18:23  Protoss Ground Armor Level 3  
  89  18:26  Stalker x4  
  97  18:27  Stalker  
  97  18:48  Stalker x2  
  97  18:49  Stalker x3  
  103  19:15  Stalker x6  
  103  19:16  Stalker x3  
  121  19:44  Stalker  
  121  19:45  Stalker x5  
  129  19:46  Stalker x3  
  97  20:47  Stalker x2  
  97  20:48  Stalker x7  
Show
View Real Time Build Order
Export as new Build Order

MattBarry Zerg - Winner!

Build Orders: Pool First 

Get SALT Encoding   

  12  0:00  Drone  
  13  0:13  Drone  
  14  0:30  Drone, Extractor  
  14  0:45  Extractor  
  14  0:48  Spawning Pool  
  13  0:59  Drone  
  14  1:15  Hatchery  
  13  1:18  Extractor  
  13  1:19  Drone x2  
  15  1:35  Overlord  
  15  1:39  Extractor  
  14  1:42  Evolution Chamber  
  14  1:44  Evolution Chamber  
  14  1:46  Zergling x2  
  13  1:52  Zergling x2  
  15  1:58  Zergling x2  
  17  2:02  Queen  
  19  2:15  Metabolic Boost  
  19  2:16  Zergling x2  
  19  2:20  Zergling x2  
  21  2:33  Zergling x2  
  21  2:35  Zergling x4  
  24  2:57  Zergling x6  
  24  2:58  Overlord  
  26  3:04  Queen  
  24  3:26  Zergling x10, Evolution Chamber  
  28  3:28  Zergling x2  
  28  3:56  Zergling x14  
  35  4:20  Overlord  
  28  4:45  Zergling x2  
  28  4:46  Zergling x18  
  33  5:10  Drone x6  
  37  5:20  Drone x3  
  36  5:53  Zergling x2  
  36  5:54  Zergling x6  
  36  5:55  Zerg Melee Weapons Level 1, Zergling x2  
  36  5:56  Zergling x4  
  43  6:03  Evolution Chamber  
  39  6:21  Drone  
  39  6:22  Drone x3  
  40  6:31  Drone  
  40  6:32  Drone x3  
  37  6:43  Spine Crawler  
  34  6:47  Drone  
  34  6:48  Drone x4  
  37  7:00  Baneling Nest  
  36  7:02  Drone x2  
  38  7:21  Spine Crawler  
  37  7:25  Zergling x2  
  37  7:26  Zergling x10, Spine Crawler  
  42  7:33  Spine Crawler  
  41  7:41  Overlord  
  41  7:42  Zergling x6  
  44  7:49  Baneling x10  
  44  8:07  Overlord x2  
  37  8:26  Zergling x8  
  39  8:33  Zergling x10  
  44  8:35  Overlord x2  
  44  9:02  Zergling x2  
  42  9:03  Zergling x14  
  49  9:15  Overlord  
  47  9:33  Queen  
  38  9:55  Hatchery  
  37  10:02  Hatchery  
  36  10:09  Queen  
  38  10:20  Zerg Ground Armor Level 1  
  38  10:32  Hatchery  
  38  10:35  Drone x3  
  36  11:17  Drone  
  36  11:18  Drone x7  
  44  11:32  Overlord x2  
  44  11:33  Drone x2  
  46  11:51  Lair  
  46  11:55  Zergling x18  
  55  12:03  Zergling x2  
  55  12:04  Zergling x10  
  61  12:10  Zergling x12  
  67  12:19  Zergling x10  
  72  12:30  Baneling x3  
  72  12:31  Baneling x5  
  72  12:38  Extractor  
  72  12:39  Extractor  
  70  12:45  Extractor, Drone x3  
  70  12:47  Zerg Missile Weapons Level 1  
  72  12:51  Overlord x3  
  72  12:52  Pneumatized Carapace  
  72  13:00  Spire  
  67  13:27  Zergling x2, Overlord x2  
  65  13:28  Zergling x10  
  69  13:43  Queen x4  
  69  13:45  Overlord x2  
  59  14:10  Zergling x2  
  59  14:11  Zergling x22  
  67  14:19  Corruptor  
  67  14:20  Corruptor x2  
  67  14:22  Corruptor  
  72  14:33  Corruptor  
  72  14:34  Corruptor  
  76  14:52  Corruptor  
  76  14:53  Corruptor  
  76  14:55  Zergling x16  
  88  15:01  Corruptor  
  88  15:05  Corruptor  
  92  15:42  Corruptor x3  
  93  15:43  Zergling x8  
  93  15:44  Zergling x18  
  93  15:45  Zergling x2  
  99  16:11  Zergling x2  
  99  16:17  Corruptor x2  
  99  16:18  Zergling x26  
  112  16:38  Overseer  
  94  16:49  Corruptor  
  94  16:53  Zergling x2  
  94  16:54  Zergling x28  
  100  17:05  Zergling x12  
  97  17:20  Zergling x6, Corruptor  
  99  17:38  Hatchery  
  99  17:42  Overlord  
  99  17:44  Overseer  
  98  17:47  Zergling x16  
  95  18:33  Zergling x2  
  92  18:34  Zergling x28  
  92  18:35  Corruptor x4  
  92  18:36  Overlord x2  
  96  19:05  Corruptor  
  96  19:09  Zergling x2  
  99  19:10  Zergling x18  
  99  19:11  Overlord x3  
  95  19:39  Overlord  
  95  19:40  Zergling x2  
  95  19:41  Zergling x10  
  97  20:03  Zergling x18  
  106  20:09  Extractor  
  106  20:14  Drone x6  
  103  20:54  Roach Warren  
Tags
 
Add a new tag
Caveats
  • Supply blocks, unpowered buildings, or Contaminate may cause inaccurate times.
  • Supply counts are checked every 10 seconds.